 Dungeon Sprint DCSS version 0.30.1-4-g462c640d31 (webtiles) character file.

Game seed: 17148393770162788017

184 Heoruswealwe the Covered (level 5, -2/50 HPs)
             Began as a Demigod Fighter on Aug 16, 2023.
             Slain by an ogre
             ... wielding a +0 giant spiked club
              (21 damage)
             ... in the Dungeon (Sprint I: "Red Sonja").
             The game lasted 00:01:05 (41 turns).

Heoruswealwe the Covered (Demigod Fighter)            Turns: 41, Time: 00:01:06

Health: -2/50      AC:  7    Str: 21    XL:     5   Next: 14%
Magic:  7/7        EV:  9    Int: 10    God:
Gold:   54         SH:  5    Dex: 13    Spells: 4/4 levels left

rFire   . . .        a - +0 war axe
rCold   . . .        c - +0 buckler
rNeg    . . .        b - +0 scale mail
rPois   .            (no helmet)
rElec   .            (no cloak)
rCorr   .            (no gloves)
SInv    .            (no boots)
Will    .....        (no amulet) Stlth
                     (no ring)
HPRegen 0.28/turn    (no ring)
MPRegen 0.10/turn

%: no teleportation
@: mighty
A: high MP 1, forlorn, divine attributes
a: no special abilities


You were in the Dungeon.
You visited 1 branch You collected 54 gold pieces.

Inventory:

Hand Weapons
 a - a +0 war axe (weapon)
Armour
 b - a +0 scale mail (worn)
 c - a +0 buckler (worn)
Wands
 d - a wand of charming (6)
Scrolls
 j - a scroll of blinking
Potions
 e - a potion of curing
 g - 2 potions of lignification {unknown}
 h - 2 potions of magic
 i - a potion of berserk rage


   Skills:
 + Level 5.7 Fighting
 + Level 5.3 Axes
 + Level 5.7 Armour
 + Level 5.7 Shields


You had 4 spell levels left.
You didn't know any spells.
Your spell library was empty.

Dungeon Overview and Level Annotations

Branches:
Dungeon (1/1)


Innate Abilities, Weirdness & Mutations

You have an increased reservoir of magic. (+10% MP)
You shall have no god before yourself.
Your divine heritage dramatically boosts your attributes as you level up.


Message History

You completely miss Sigmund.
Sigmund is almost dead.
Your ogre misses Sigmund. Sigmund closely misses you.
You barely miss Sigmund.
Sigmund is almost dead.
Your extra speed is starting to run out.
Your ogre hits Sigmund with a +0 giant spiked club!!
Sigmund dies!
Your Fighting skill gained 2 levels and is now at level 5!
Your Axes skill gained 2 levels and is now at level 5!
Your Armour skill gained 2 levels and is now at level 5!
Your Shields skill gained 2 levels and is now at level 5!
You have reached level 3!
Your experience leads to a dramatic increase in your attributes!
Increase (S)trength, (I)ntelligence, or (D)exterity?
You feel stronger. x4
You have reached level 4!
You have reached level 5!
You feel much better.
Things that are here:
a +2 scythe of protection; a +2 robe of positive energy You open the door.
Found 108 gold pieces.
There is an open door here.
You now have 27 gold pieces.
You now have 54 gold pieces (gained 27).
You feel yourself slow down.
You open the door.
A slime creature comes into view.
The slime creature quivers.
Found four altars.
Your ogre hits the slime creature with a +0 giant spiked club!!
You see here 27 gold pieces.
The ogre is no longer charmed.
The ogre closely misses you.
You slash the slime creature!
The slime creature is severely wounded.
You hit the ogre. You block the slime creature's attack.
The slime creature hits you!
The ogre hits you with a +0 giant spiked club!!
You die...

################ ##
#<.#.)'..#.)'.O#__#
#..'..#..'..#@J'..+
#..#####+#####+#__#
#..# ## #..# #..#
#⌠⌠# ####


You could see a slime creature and an ogre.

Vanquished Creatures
  Ijyb (D)
1 creature vanquished.

Vanquished Creatures (collateral kills)
  Sigmund (D)
1 creature vanquished.

Grand Total: 2 creatures vanquished

Notes
Turn   | Place    | Note
-------+----------+-------------------------------------------
     0 | D        | Heoruswealwe the Demigod Fighter began the quest for the
                  | Orb.
     0 | D        | Reached XP level 1. HP: 18/18 MP: 3/3
     3 | D        | Noticed Ijyb
     8 | D        | Killed Ijyb
     9 | D        | Reached XP level 2. HP: 20/27 MP: 4/4
    11 | D        | Noticed an ogre
    19 | D        | Noticed Sigmund
    29 | D        | Killed Sigmund
    30 | D        | Reached skill level 5 in Fighting
    30 | D        | Reached skill level 5 in Axes
    30 | D        | Reached skill level 5 in Armour
    30 | D        | Reached skill level 5 in Shields
    30 | D        | Reached XP level 3. HP: 7/37 MP: 5/5
    30 | D        | Reached XP level 4. HP: 8/44 MP: 6/6
    30 | D        | Reached XP level 5. HP: 10/50 MP: 7/7
    38 | D        | Noticed a slime creature
    41 | D        | Slain by an ogre

Illustrated notes

Levels and vault maps discovered:
D:        dungeon_sprint_1 [red_sonja_temple_1, red_sonja_temple_small_1]

Skill      XL: |  1  2 |
---------------+-------+-----
Fighting       | 3 5 |  5.7
Axes           | 3 5 |  5.3
Armour         | 3 5 |  5.7
Shields        | 3 5 |  5.7

Action                     |  1- 3 |  4- 6 || total
---------------------------+-------+-------++-------
  Melee: War axe           |    10 |     1 ||    11
  Evoke: Wand              |     2 |       ||     2
    Use: Potion            |     2 |     1 ||     3
  Dodge: Dodged            |     1 |     1 ||     2
  Block: Buckler           |     2 |     1 ||     3
